Map: Abyssal Reef LE

Players

Cheater 1 (Insane)

  • Race: Zerg Zerg
  • Spawn Location: 11:00

Cheater 2 (Insane) - Winner!

  • Race: Terran Terran
  • Spawn Location: 5:00

VOD

Have the link to the VOD?

Description

Time

  • Played on: July 11, 2017, 7:43 p.m.
  • Length: 13:23
Show
View Real Time Build Order
Export as new Build Order

Cheater 1 (Insane) Zerg 

Build Orders: Pool First 

Get SALT Encoding   

  12  0:01  Drone  
  13  0:11  Overlord  
  13  0:16  Drone  
  14  0:29  Drone  
  14  0:34  Spawning Pool  
  14  0:36  Drone  
  14  0:40  Drone  
  16  0:44  Drone  
  16  0:46  Extractor  
  16  0:54  Drone  
  17  1:05  Drone  
  18  1:16  Drone  
  19  1:22  Hatchery  
  18  1:26  Roach Warren  
  18  1:27  Zergling x2  
  18  1:37  Queen  
  20  1:40  Drone  
  21  1:48  Drone  
  22  1:58  Overlord  
  22  2:09  Overlord  
  22  2:20  Roach  
  24  2:26  Metabolic Boost  
  24  2:31  Roach  
  24  2:34  Roach  
  28  2:42  Roach  
  28  2:43  Overlord  
  33  2:44  Roach, Zergling x2  
  33  2:45  Roach  
  35  2:53  Zergling x2  
  35  2:55  Zergling x2  
  37  3:04  Zergling x2  
  38  3:06  Zergling x2  
  39  3:15  Zergling x4, Drone, Queen  
  39  3:16  Drone  
  39  3:17  Extractor, Drone  
  45  3:27  Overlord, Drone  
  46  3:37  Extractor, Drone, Lair  
  46  3:38  Drone  
  47  3:42  Extractor  
  47  3:47  Drone  
  47  3:48  Drone x2  
  49  3:49  Drone x2  
  51  4:00  Overlord, Drone  
  52  4:10  Drone  
  52  4:11  Drone  
  54  4:18  Overlord  
  54  4:19  Roach, Drone  
  54  4:21  Drone  
  54  4:23  Drone  
  59  4:32  Drone  
  59  4:33  Drone  
  59  4:38  Infestation Pit  
  60  4:40  Hydralisk Den  
  60  4:42  Drone  
  60  4:44  Drone  
  61  4:47  Overlord  
  61  4:48  Roach, Drone  
  64  4:53  Drone  
  64  4:54  Drone x3  
  64  4:55  Drone  
  69  5:05  Drone, Baneling Nest  
  69  5:06  Drone  
  70  5:13  Hatchery, Evolution Chamber  
  68  5:16  Infestor, Drone, Hydralisk  
  68  5:18  Hydralisk  
  75  5:22  Overlord  
  75  5:25  Hydralisk  
  75  5:27  Hydralisk  
  79  5:28  Drone  
  79  5:29  Drone  
  79  5:31  Drone  
  82  5:38  Drone  
  82  5:39  Zerg Melee Weapons Level 1, Drone  
  84  5:44  Infestor  
  84  5:45  Zergling x4  
  84  5:49  Baneling, Drone, Evolution Chamber  
  88  5:50  Baneling, Drone  
  88  5:56  Baneling x3  
  90  5:57  Overlord, Zergling x2, Baneling, Drone  
  90  5:58  Baneling  
  90  5:59  Baneling  
  90  6:00  Zergling x2, Baneling x2  
  90  6:01  Baneling  
  92  6:05  Baneling  
  92  6:07  Centrifical Hooks  
  92  6:12  Drone, Evolution Chamber  
  92  6:15  Overlord, Zergling x2, Drone x2, Zerg Missile Weapons Level 1  
  92  6:16  Ravager, Drone  
  97  6:22  Drone  
  97  6:25  Ravager, Drone  
  100  6:26  Drone  
  100  6:28  Pneumatized Carapace  
  100  6:29  Zergling x4, Drone  
  104  6:33  Drone  
  104  6:35  Overlord  
  104  6:36  Drone  
  104  6:38  Zerg Ground Armor Level 1  
  104  6:39  Burrow  
  106  6:42  Zergling x2, Drone, Hydralisk  
  106  6:43  Spine Crawler  
  106  6:44  Drone  
  106  6:45  Spine Crawler  
  106  6:46  Drone, Overseer  
  110  6:48  Roach  
  112  6:55  Overlord  
  112  6:57  Drone  
  112  6:59  Drone  
  112  7:00  Roach, Hydralisk  
  112  7:01  Glial Reconstitution, Infestor  
  120  7:02  Overseer, Pathogen Glands  
  120  7:06  Drone  
  120  7:08  Drone  
  122  7:12  Extractor, Drone  
  122  7:13  Overlord, Drone x2  
  122  7:14  Extractor  
  123  7:17  Drone  
  123  7:18  Drone  
  125  7:23  Spore Crawler, Overseer  
  125  7:24  Drone  
  125  7:26  Spore Crawler  
  125  7:28  Drone  
  125  7:29  Spine Crawler, Drone  
  125  7:31  Hydralisk, Queen  
  125  7:32  Overlord, Hydralisk  
  125  7:33  Hatchery, Lurker Den  
  125  7:34  Zergling x2  
  117  7:39  Infestor, Drone  
  117  7:40  Zergling x4, Drone  
  103  7:46  Ravager, Drone  
  103  7:49  Spire  
  103  7:50  Drone x2  
  96  7:56  Queen  
  96  7:57  Baneling, Drone  
  96  7:58  Baneling  
  99  8:01  Zergling x2, Baneling x2, Drone  
  99  8:05  Zergling x4, Drone  
  104  8:07  Spine Crawler  
  104  8:08  Hive, Roach, Drone  
  104  8:09  Zergling x2  
  107  8:13  Roach, Zergling x2  
  107  8:15  Zerg Melee Weapons Level 2  
  107  8:16  Baneling x2  
  107  8:17  Neural Parasite  
  107  8:18  Ravager  
  107  8:19  Roach  
  113  8:20  Baneling  
  113  8:21  Baneling  
  113  8:23  Roach  
  113  8:24  Drone  
  116  8:28  Baneling  
  116  8:30  Drone  
  116  8:32  Zerg Ground Armor Level 2  
  116  8:33  Drone  
  119  8:34  Ravager, Hydralisk x2  
  119  8:35  Roach, Zergling x4  
  119  8:36  Overlord, Zergling x2, Spine Crawler, Drone  
  119  8:37  Baneling x2, Drone  
  119  8:39  Spine Crawler  
  125  8:41  Ravager  
  125  8:42  Roach  
  125  8:44  Zergling x2  
  125  8:45  Drone  
  125  8:46  Roach  
  131  8:52  Roach  
  131  8:53  Hatchery  
  131  8:55  Drone  
  111  8:56  Hydralisk  
  111  9:00  Extractor  
  111  9:02  Zergling x2, Infestor  
  96  9:03  Zergling x4  
  96  9:04  Hydralisk Den  
  96  9:05  Drone  
  96  9:06  Infestor, Drone  
  96  9:07  Infestor  
  96  9:08  Roach, Zergling x4  
  96  9:09  Roach  
  108  9:13  Queen  
  108  9:15  Zergling x2  
  103  9:17  Roach  
  103  9:19  Hydralisk  
  103  9:21  Lair  
  103  9:23  Spore Crawler  
  103  9:25  Roach  
  103  9:27  Spore Crawler, Hydralisk  
  103  9:30  Zergling x2  
  103  9:31  Overlord, Zergling x4  
  98  9:33  Spine Crawler  
  98  9:34  Roach x2, Drone  
  98  9:36  Spine Crawler  
  98  9:37  Zergling x2  
  102  9:39  Spine Crawler, Drone  
  102  9:43  Baneling x2  
  97  9:46  Ravager  
  97  9:47  Drone  
  97  9:48  Ravager  
  97  9:49  Zergling x2  
  97  9:50  Roach  
  97  9:51  Roach  
  92  9:53  Drone  
  92  9:54  Baneling  
  92  9:55  Adrenal Glands, Baneling  
  92  9:58  Zergling x2  
  79  10:00  Roach x3  
  79  10:02  Zergling x6, Queen  
  79  10:03  Zergling x4  
  79  10:05  Zergling x2  
  79  10:10  Zergling x2  
  79  10:13  Zergling x2, Drone  
  62  10:14  Extractor  
  62  10:15  Zergling x2  
  62  10:18  Spore Crawler  
  62  10:20  Baneling  
  62  10:21  Zergling x2, Baneling  
  56  10:23  Zergling x2, Extractor  
  56  10:24  Overseer  
  56  10:26  Zergling x2  
  56  10:28  Zergling x4  
  48  10:29  Zergling x2, Spore Crawler  
  48  10:30  Hydralisk  
  48  10:31  Zergling x2, Hydralisk  
  48  10:33  Drone  
  48  10:34  Spore Crawler, Hydralisk  
  50  10:36  Hydralisk  
  48  10:43  Drone  
  48  10:46  Roach  
  45  10:54  Roach  
  45  10:56  Overseer  
  41  10:57  Zergling x6  
  41  10:59  Drone x2  
  41  11:00  Infestor  
  41  11:01  Roach, Zergling x2  
  41  11:06  Roach  
  41  11:07  Hydralisk  
  43  11:11  Extractor  
  43  11:15  Queen  
  43  11:17  Roach  
  38  11:18  Roach  
  38  11:19  Queen  
  38  11:21  Hatchery  
  33  11:25  Drone  
  33  11:26  Zergling x2, Drone  
  33  11:27  Roach  
  33  11:30  Mutalisk  
  33  11:31  Drone  
  33  11:32  Extractor  
  30  11:33  Drone  
  23  11:41  Drone  
  23  11:43  Overseer  
  16  11:54  Drone  
  8  12:15  Drone  
Show
View Real Time Build Order
Export as new Build Order

Cheater 2 (Insane) Terran - Winner!

Build Orders: MMM Bio 

Get SALT Encoding   

  12  0:00  SCV  
  13  0:13  SCV  
  14  0:19  Supply Depot  
  14  0:25  SCV  
  15  0:40  Refinery, SCV  
  16  0:45  Barracks  
  16  0:53  SCV  
  16  0:55  Barracks  
  17  1:05  SCV  
  18  1:17  SCV  
  19  1:27  Barracks  
  19  1:32  Marine  
  20  1:34  Orbital Command  
  20  1:40  Supply Depot  
  20  1:42  Marine  
  21  1:49  Marine  
  22  2:00  SCV  
  22  2:01  Barracks Tech Lab  
  23  2:08  Barracks Tech Lab  
  23  2:12  SCV  
  23  2:13  Supply Depot  
  23  2:14  Marine  
  25  2:18  Marine  
  25  2:19  Stimpack  
  26  2:24  SCV  
  26  2:26  Concussive Shells, Marine  
  28  2:31  Marine  
  28  2:35  Supply Depot  
  28  2:36  Marine  
  30  2:44  Marine  
  30  2:45  SCV  
  30  2:49  Marine  
  30  2:50  Supply Depot  
  33  2:54  Marine  
  34  3:01  SCV  
  34  3:02  Marine  
  36  3:07  Marine  
  36  3:09  Combat Shields  
  39  3:12  Marauder  
  39  3:14  Refinery  
  39  3:17  Supply Depot  
  39  3:18  SCV  
  40  3:20  Marauder  
  40  3:25  Marine  
  45  3:34  Marauder  
  45  3:39  SCV  
  46  3:41  Marauder  
  46  3:43  Marine  
  46  3:44  Factory  
  49  3:51  SCV  
  49  3:55  Marine  
  51  4:00  Marine  
  54  4:03  Marauder  
  54  4:05  Supply Depot  
  54  4:12  Marine  
  55  4:22  Engineering Bay  
  55  4:26  SCV, Engineering Bay  
  56  4:35  Starport  
  56  4:37  Command Center  
  56  4:39  SCV  
  56  4:40  Marauder  
  56  4:41  Hellion  
  56  4:43  Supply Depot  
  61  4:46  Marauder  
  61  4:51  Terran Infantry Weapons Level 1, SCV  
  64  5:02  Terran Infantry Armor Level 1, Hellion  
  64  5:04  Marauder  
  68  5:07  Supply Depot  
  68  5:09  Barracks Reactor  
  68  5:11  Medivac  
  70  5:18  Marauder  
  70  5:19  Barracks  
  72  5:23  Hellion  
  74  5:29  Marauder  
  74  5:31  Missile Turret  
  74  5:33  Supply Depot  
  76  5:41  Medivac  
  76  5:42  Marauder  
  80  5:46  Factory Tech Lab  
  80  5:49  SCV x2  
  82  5:51  Marauder  
  84  5:58  Refinery  
  84  6:00  Missile Turret  
  84  6:01  SCV x2  
  84  6:03  Widow Mine, Missile Turret  
  84  6:04  Command Center  
  88  6:06  Refinery  
  88  6:12  Starport Reactor  
  88  6:13  SCV, Orbital Command  
  89  6:21  Supply Depot  
  89  6:23  Marauder  
  89  6:24  Marauder  
  89  6:25  SCV  
  96  6:33  Missile Turret, Hellion  
  96  6:37  SCV  
  96  6:39  SCV  
  98  6:44  Marauder  
  98  6:45  Missile Turret  
  98  6:46  Marauder  
  102  6:48  Supply Depot, Medivac  
  102  6:49  SCV  
  102  6:51  SCV  
  102  6:54  Siege Tank  
  109  7:01  SCV  
  109  7:06  Marauder  
  109  7:07  Marauder  
  114  7:10  SCV  
  114  7:12  Supply Depot  
  114  7:13  SCV  
  117  7:15  SCV  
  117  7:16  Armory  
  117  7:22  SCV  
  118  7:25  SCV  
  118  7:26  Siege Tank  
  118  7:27  SCV, Marauder  
  118  7:29  Marauder  
  127  7:33  Unknown  
  127  7:34  SCV  
  127  7:37  Supply Depot, SCV  
  112  7:38  Marine  
  112  7:39  Marine x2  
  112  7:40  Orbital Command  
  112  7:41  Unknown  
  107  7:46  SCV  
  107  7:48  Marauder  
  107  7:49  Marine  
  107  7:50  SCV  
  111  7:56  Marine x2  
  111  7:57  Command Center  
  115  7:58  SCV, Hellion  
  115  8:02  Terran Infantry Armor Level 2  
  115  8:04  Terran Vehicle Weapons Level 1  
  115  8:05  Terran Infantry Weapons Level 2  
  116  8:06  SCV  
  116  8:07  SCV  
  116  8:09  Marine  
  116  8:10  SCV, Marine  
  121  8:15  Missile Turret  
  121  8:17  Missile Turret, Marine, Marauder  
  121  8:18  SCV  
  121  8:19  Siege Tank, Marine  
  130  8:20  SCV  
  130  8:22  SCV  
  131  8:29  Supply Depot  
  131  8:30  Marauder  
  131  8:31  Medivac, SCV  
  136  8:35  SCV  
  136  8:36  SCV  
  136  8:38  Marauder  
  136  8:40  Missile Turret  
  140  8:43  Factory, SCV  
  140  8:47  SCV  
  140  8:48  SCV, Unknown x2  
  143  8:49  Starport, Marine, Unknown  
  143  8:51  Widow Mine, Unknown  
  143  8:54  Marauder  
  143  8:55  SCV  
  131  8:56  Armory, Marine  
  131  8:57  Marine  
  131  8:59  Supply Depot, SCV  
  131  9:00  SCV, Marauder  
  131  9:05  Unknown  
  131  9:07  Marine  
  131  9:08  Liberator  
  130  9:10  SCV x2  
  130  9:11  SCV  
  130  9:14  Marine, Missile Turret  
  130  9:15  Marauder  
  130  9:16  Marine  
  135  9:17  Missile Turret  
  135  9:20  Siege Tank  
  135  9:21  Marine  
  135  9:22  Planetary Fortress  
  139  9:25  Marine  
  139  9:26  Cyclone  
  139  9:28  Barracks  
  139  9:29  Liberator  
  144  9:33  Missile Turret  
  144  9:36  Marauder  
  144  9:37  Missile Turret  
  144  9:38  Command Center  
  144  9:39  Marauder  
  144  9:40  Refinery  
  144  9:42  Refinery  
  144  9:43  Unknown  
  144  9:44  Barracks Tech Lab, Marine x2  
  146  9:46  Refinery  
  146  9:48  Refinery  
  146  9:50  Viking  
  146  9:52  Cyclone  
  152  9:55  Supply Depot  
  152  9:58  Widow Mine, Marauder  
  152  9:59  Missile Turret  
  156  10:00  Marauder  
  156  10:02  Marine x2, Marauder  
  155  10:10  Medivac  
  155  10:12  Ghost Academy  
  154  10:16  Marine  
  154  10:19  Marine, Marauder  
  154  10:20  Building Armor, Medivac  
  160  10:21  Marine  
  160  10:22  Marauder  
  160  10:23  Supply Depot  
  160  10:24  Widow Mine, Marauder  
  160  10:28  Factory Tech Lab  
  166  10:29  Viking  
  166  10:33  Liberator  
  166  10:34  Marine  
  169  10:37  Marine  
  169  10:39  Marine  
  169  10:40  Marauder  
  169  10:41  Starport Tech Lab  
  169  10:42  Unknown  
  170  10:43  Marauder  
  170  10:44  Marine  
  170  10:46  Siege Tank  
  173  10:51  Marine  
  173  10:53  Refinery, Planetary Fortress, Cyclone  
  173  10:55  Marine  
  181  10:57  Marine  
  181  10:59  Viking, Medivac  
  181  11:02  Marauder  
  181  11:03  Command Center, Marauder, Missile Turret  
  188  11:04  Marine  
  188  11:08  Missile Turret  
  188  11:10  Unknown  
  189  11:11  Missile Turret  
  189  11:12  Liberator  
  189  11:13  Refinery  
  189  11:14  Marine  
  189  11:15  Marine x2  
  189  11:18  Siege Tank  
  189  11:21  Ghost  
  189  11:23  Marine  
  189  11:24  Widow Mine, Ghost  
  194  11:29  Raven  
  194  11:32  Marine  
  197  11:33  Viking, High Capacity Fuel Tanks  
  197  11:35  Hi-Sec Auto Tracking  
  192  11:49  Marine  
  192  11:50  Siege Tank  
  192  11:53  Cyclone, Infernal Pre-Igniter  
  199  11:55  Factory  
  199  11:56  Unknown  
  198  12:03  Viking  
  198  12:12  Raven  
  197  12:22  Hellion  
  197  12:23  Refinery, Planetary Fortress  
  197  12:24  Command Center  
  197  12:25  Widow Mine  
  197  12:26  Missile Turret  
  199  12:31  Missile Turret  
  199  12:36  Missile Turret  
  199  12:37  Refinery  
  199  12:41  Factory, Factory Tech Lab  
Tags
 
Composition
MMM Bio
Matchup
TvZ
Opening
Pool First
Replay Pack
Pack 1
Spawn Locations
Cross Positions
Add a new tag
Caveats
  • Supply blocks, unpowered buildings, or Contaminate may cause inaccurate times.
  • Supply counts are checked every 10 seconds.